TOP OF THE 1ST |
Colorado Rockies batting - Pitching for St. Louis Cardinals : LHP Nate Crow
|
Pitching: LHP Nate Crow
|
|
Batting: LHB Freddy Troncoso
|
0-0: Called Strike 0-1: Ball 1-1: Foul Ball, location: 2F 1-2: Fly out, F9 (Flyball, 89D, EV 88.8 MPH)
|
Batting: SHB Eddie Quinones
|
0-0: Called Strike 0-1: Ball 1-1: Foul Ball, location: 2F 1-2: Ball 2-2: Foul Ball, location: 2F 2-2: Fly out, F8 (Flyball, 8RXD, EV 103.8 MPH)
|
Batting: SHB Chris Blue
|
0-0: Called Strike 0-1: Ball 1-1: Foul Ball, location: 2F 1-2: Strikes out swinging
|
Top of the 1st over - 0 runs, 0 hits, 0 errors, 0 left on base; Colorado 0 - St. Louis 0 |
BOTTOM OF THE 1ST |
St. Louis Cardinals batting - Pitching for Colorado Rockies : RHP Sean Parks
|
Pitching: RHP Sean Parks
|
|
Batting: LHB Ichiro Toyota
|
0-0: SINGLE (Groundball, 4MD, EV 106.2 MPH)
|
Batting: LHB Tom Butterbaugh
|
0-0: Ball 1-0: Sac Bunt to 2R - play at first, batter OUT! 2-3 Ichiro Toyota to second
|
Batting: LHB Armando Carbajal
|
0-0: Ball 1-0: Foul Ball, location: 2F 1-1: Fly out, F9 (Flyball, 9S, EV 93.1 MPH)
|
Batting: RHB Tenshou Takita
|
0-0: Ground out 6-3 (Groundball, 6, EV 104.4 MPH)
|
Bottom of the 1st over - 0 runs, 1 hit, 0 errors, 1 left on base; Colorado 0 - St. Louis 0 |
TOP OF THE 2ND |
Colorado Rockies batting - Pitching for St. Louis Cardinals : LHP Nate Crow
|
Batting: RHB Jason Andrews
|
0-0: Swinging Strike 0-1: Swinging Strike 0-2: Ball 1-2: Ball 2-2: Strikes out swinging
|
Batting: LHB Shawn Morrison
|
0-0: Fly out, F8 (Flyball, 89M, EV 91.2 MPH)
|
Batting: LHB Chris Salim
|
0-0: Ball 1-0: Ball 2-0: Called Strike 2-1: Foul Ball, location: 2F 2-2: SINGLE (Groundball, P, EV 84.4 MPH) (infield hit)
|
Batting: SHB Jon Munoz
|
0-0: Ball 1-0: Ball 2-0: Ball 3-0: Called Strike 3-1: Foul Ball, location: 2F 3-2: Fly out, F7 (Flyball, 7S, EV 90.6 MPH)
|
Top of the 2nd over - 0 runs, 1 hit, 0 errors, 1 left on base; Colorado 0 - St. Louis 0 |
BOTTOM OF THE 2ND |
St. Louis Cardinals batting - Pitching for Colorado Rockies : RHP Sean Parks
|
Batting: RHB Pedro Nin
|
0-0: Swinging Strike 0-1: Called Strike 0-2: Strikes out looking
|
Batting: RHB Klaas Meij
|
0-0: Ball 1-0: Ball 2-0: Ball 3-0: Called Strike 3-1: DOUBLE (Flyball, 8RXD, EV 95.6 MPH)
|
Batting: RHB Melvin Enriquez
|
0-0: Ball 1-0: Ground out 5-3 (Groundball, 5S, EV 65.0 MPH) Klaas Meij to third
|
Batting: SHB Jason Kirby
|
0-0: Fly out, F7 (Flyball, 7, EV 92.5 MPH)
|
Bottom of the 2nd over - 0 runs, 1 hit, 0 errors, 1 left on base; Colorado 0 - St. Louis 0 |
TOP OF THE 3RD |
Colorado Rockies batting - Pitching for St. Louis Cardinals : LHP Nate Crow
|
Batting: RHB Sterling Acosta
|
0-0: Ball 1-0: Ball 2-0: Called Strike 2-1: Swinging Strike 2-2: Foul Ball, location: 2F 2-2: Strikes out looking
|
Batting: RHB Eduardo Camacho
|
0-0: Called Strike 0-1: Ball 1-1: SINGLE (Flyball, 3D, EV 85.0 MPH)
|
Batting: LHB Freddy Troncoso
|
0-0: Foul Ball, location: 2F 0-1: Foul Ball, location: 2F 0-2: Ball 1-2: Strikes out swinging
|
Batting: SHB Eddie Quinones
|
0-0: Ball 1-0: Called Strike 1-1: Ball 2-1: Swinging Strike 2-2: Fielders Choice at 2nd, 6-4 (Groundball, 6, EV 103.1 MPH)
|
Top of the 3rd over - 0 runs, 1 hit, 0 errors, 1 left on base; Colorado 0 - St. Louis 0 |
BOTTOM OF THE 3RD |
St. Louis Cardinals batting - Pitching for Colorado Rockies : RHP Sean Parks
|
Batting: RHB Danny Gallo
|
0-0: Ball 1-0: Ball 2-0: Fly out, F8 (Flyball, 8RD, EV 86.2 MPH)
|
Batting: LHB Ichiro Toyota
|
0-0: Ball 1-0: Ball 2-0: Ball 3-0: Base on Balls
|
Batting: LHB Tom Butterbaugh
|
0-0: Called Strike 0-1: Ball Ichiro Toyota is caught stealing 2nd base 2-6 1-1: Ball 2-1: Ball 3-1: Base on Balls
|
Batting: LHB Armando Carbajal
|
0-0: Ball 1-0: Foul Ball, location: 2F 1-1: Ball 2-1: Ground out 4-3 (Groundball, 34D, EV 83.1 MPH)
|
Bottom of the 3rd over - 0 runs, 0 hits, 0 errors, 1 left on base; Colorado 0 - St. Louis 0 |
TOP OF THE 4TH |
Colorado Rockies batting - Pitching for St. Louis Cardinals : LHP Nate Crow
|
Batting: SHB Chris Blue
|
0-0: Ball 1-0: Ball 2-0: Ball 3-0: Called Strike 3-1: Swinging Strike 3-2: Strikes out swinging, 2-3 out at first.
|
Batting: RHB Jason Andrews
|
0-0: Fly out, F7 (Flyball, 7S, EV 89.4 MPH)
|
Batting: LHB Shawn Morrison
|
0-0: Ball 1-0: Called Strike 1-1: SINGLE (Groundball, 4D, EV 105.0 MPH)
|
Batting: LHB Chris Salim
|
0-0: Ball 1-0: Fly out, F8 (Flyball, 8LD, EV 104.4 MPH)
|
Top of the 4th over - 0 runs, 1 hit, 0 errors, 1 left on base; Colorado 0 - St. Louis 0 |
BOTTOM OF THE 4TH |
St. Louis Cardinals batting - Pitching for Colorado Rockies : RHP Sean Parks
|
Batting: RHB Tenshou Takita
|
0-0: Ball 1-0: Ball 2-0: Ball 3-0: Base on Balls
|
Batting: RHB Pedro Nin
|
0-0: Ball 1-0: Ball 2-0: Foul Ball, location: 2F 2-1: Foul Ball, location: 2F 2-2: 2-RUN HOME RUN (Line Drive, 89XD, EV 102.5 MPH), Distance : 390 ft
|
Batting: RHB Klaas Meij
|
0-0: Foul Ball, location: 2F 0-1: Ball 1-1: Ball 2-1: Foul Ball, location: 2F 2-2: Foul Ball, location: 2F 2-2: Ball 3-2: Strikes out looking
|
Batting: RHB Melvin Enriquez
|
0-0: Ground out 5-3 (Groundball, 56S, EV 68.8 MPH)
|
Batting: SHB Jason Kirby
|
0-0: Ball 1-0: Ball 2-0: Ball 3-0: Called Strike 3-1: Base on Balls
|
Batting: RHB Danny Gallo
|
0-0: Ball 1-0: Ball 2-0: Reached on error, E5 (Groundball, 56S, EV 85.6 MPH) Jason Kirby to second
|
Batting: LHB Ichiro Toyota
|
0-0: Ball 1-0: Ball 2-0: Called Strike 2-1: Foul Ball, location: 2F 2-2: Strikes out swinging
|
Bottom of the 4th over - 2 runs, 1 hit, 1 error, 2 left on base; Colorado 0 - St. Louis 2 |
TOP OF THE 5TH |
Colorado Rockies batting - Pitching for St. Louis Cardinals : LHP Nate Crow
|
Batting: SHB Jon Munoz
|
0-0: Called Strike 0-1: Swinging Strike 0-2: Strikes out swinging
|
Batting: RHB Sterling Acosta
|
0-0: Ball 1-0: Ground out 6-3 (Groundball, 56, EV 85.6 MPH)
|
Batting: RHB Eduardo Camacho
|
0-0: Ball 1-0: Ball 2-0: Reached on error, E6 (Groundball, 6, EV 93.1 MPH)
|
Batting: LHB Freddy Troncoso
|
0-0: Foul Ball, location: 2F 0-1: Ball 1-1: Ball 2-1: Foul Ball, location: 2F 2-2: Fly out, F8 (Flyball, 8LM, EV 86.2 MPH)
|
Top of the 5th over - 0 runs, 0 hits, 1 error, 1 left on base; Colorado 0 - St. Louis 2 |
BOTTOM OF THE 5TH |
St. Louis Cardinals batting - Pitching for Colorado Rockies : RHP Sean Parks
|
Batting: LHB Tom Butterbaugh
|
0-0: Ball 1-0: Called Strike 1-1: Ball 2-1: Ball 3-1: Ground out 4-3 (Groundball, 4, EV 106.2 MPH)
|
Batting: LHB Armando Carbajal
|
0-0: Called Strike 0-1: Ball 1-1: Ball 2-1: Foul Ball, location: 2F 2-2: Ball 3-2: SINGLE (Line Drive, 6D, EV 99.4 MPH)
|
Batting: RHB Tenshou Takita
|
0-0: Ball 1-0: Ball 2-0: Ball 3-0: Called Strike 3-1: Base on Balls Armando Carbajal to second
|
Batting: RHB Pedro Nin
|
0-0: Ball 1-0: TRIPLE (Flyball, 78XD, EV 94.4 MPH) Armando Carbajal scores Tenshou Takita scores
|
Batting: RHB Klaas Meij
|
0-0: Fly out, F8 (Flyball, 8RM, EV 95.0 MPH)
|
Batting: RHB Melvin Enriquez
|
0-0: Ground out 6-3 (Groundball, 6, EV 106.9 MPH)
|
Bottom of the 5th over - 2 runs, 2 hits, 0 errors, 1 left on base; Colorado 0 - St. Louis 4 |
TOP OF THE 6TH |
Colorado Rockies batting - Pitching for St. Louis Cardinals : LHP Nate Crow
|
Batting: SHB Eddie Quinones
|
0-0: Ball 1-0: Ground out 4-3 (Groundball, 4, EV 85.6 MPH)
|
Batting: SHB Chris Blue
|
0-0: Swinging Strike 0-1: Called Strike 0-2: Foul Ball, location: 2F 0-2: Ball 1-2: Ball 2-2: Ball 3-2: Base on Balls
|
Batting: RHB Jason Andrews
|
0-0: Ball 1-0: Ball 2-0: Grounds into double play, 6-4-3 (Groundball, 6, EV 79.4 MPH)
|
Top of the 6th over - 0 runs, 0 hits, 0 errors, 0 left on base; Colorado 0 - St. Louis 4 |
BOTTOM OF THE 6TH |
St. Louis Cardinals batting - Pitching for Colorado Rockies : RHP Sean Parks
|
Batting: SHB Jason Kirby
|
0-0: Ball 1-0: Ball 2-0: Called Strike 2-1: Ball 3-1: Base on Balls
|
Batting: RHB Danny Gallo
|
0-0: Foul Ball, location: 2F 0-1: Ball 1-1: Ball 2-1: Fielders Choice at 2nd, 1-4 (Groundball, P, EV 69.4 MPH)
|
Batting: LHB Ichiro Toyota
|
0-0: Ball 1-0: Called Strike 1-1: Called Strike 1-2: Ball 2-2: Foul Ball, location: 2F 2-2: TRIPLE (Flyball, 78XD, EV 96.9 MPH) Danny Gallo scores
|
Pitching: RHP Mitch Guerrero
|
|
Batting: LHB Tom Butterbaugh
|
0-0: Called Strike 0-1: Ball 1-1: Ball 2-1: Foul Ball, location: 2F 2-2: Ball 3-2: Base on Balls
|
Batting: LHB Armando Carbajal
|
0-0: Called Strike 0-1: Ball 1-1: Ball 2-1: Called Strike 2-2: Ball 3-2: Strikes out looking
|
Batting: RHB Tenshou Takita
|
0-0: Ball 1-0: Ball 2-0: Ball 3-0: Base on Balls Tom Butterbaugh to second
|
Batting: RHB Pedro Nin
|
0-0: Foul Ball, location: 2F 0-1: Foul Ball, location: 2F 0-2: Foul Ball, location: 2F 0-2: Foul Ball, location: 2F 0-2: Fielders Choice at 2nd, 6-4 (Groundball, 6, EV 101.9 MPH)
|
Bottom of the 6th over - 1 run, 1 hit, 0 errors, 3 left on base; Colorado 0 - St. Louis 5 |
TOP OF THE 7TH |
Colorado Rockies batting - Pitching for St. Louis Cardinals : LHP Nate Crow
|
Batting: LHB Shawn Morrison
|
0-0: Ball 1-0: Foul Ball, location: 2F 1-1: Ball 2-1: Foul Ball, location: 2F 2-2: Strikes out swinging passed ball, reaches first!
|
Batting: LHB Chris Salim
|
0-0: Fielders Choice at 2nd, 3-6 (Groundball, 34, EV 80.6 MPH)
|
Batting: SHB Jon Munoz
|
0-0: Ball 1-0: SINGLE (Line Drive, 8RS, EV 101.2 MPH) Chris Salim to second
|
Batting: RHB Sterling Acosta
|
0-0: Called Strike 0-1: Called Strike 0-2: Foul Ball, location: 2F 0-2: Ball 1-2: Ball 2-2: Strikes out swinging
|
Pitching: RHP Ray Scifo
|
|
Batting: RHB Eduardo Camacho
|
0-0: Swinging Strike 0-1: Swinging Strike 0-2: Strikes out swinging
|
Top of the 7th over - 0 runs, 1 hit, 0 errors, 2 left on base; Colorado 0 - St. Louis 5 |
BOTTOM OF THE 7TH |
St. Louis Cardinals batting - Pitching for Colorado Rockies : RHP Mitch Guerrero
|
Batting: RHB Klaas Meij
|
0-0: Ground out 2-3 (Groundball, 13S, EV 64.4 MPH)
|
Batting: RHB Melvin Enriquez
|
0-0: Swinging Strike 0-1: Ball 1-1: Ground out 5-3 (Groundball, 56, EV 89.4 MPH)
|
Batting: SHB Jason Kirby
|
0-0: Foul Ball, location: 2F 0-1: Ball 1-1: SINGLE (Flyball, 5D, EV 93.8 MPH)
|
Batting: RHB Danny Gallo
|
0-0: Ball 1-0: Ball 2-0: Ball 3-0: Called Strike 3-1: SINGLE (Groundball, 5D, EV 102.5 MPH) Jason Kirby to second
|
Batting: LHB Ichiro Toyota
|
0-0: Ball 1-0: Ball 2-0: Foul Ball, location: 2F 2-1: Ball 3-1: Foul Ball, location: 2F 3-2: Foul Ball, location: 2F 3-2: Base on Balls Jason Kirby to third Danny Gallo to second
|
Batting: LHB Tom Butterbaugh
|
0-0: Ball 1-0: Foul Ball, location: 2F 1-1: Ball 2-1: Ball 3-1: Base on Balls Jason Kirby scores Danny Gallo to third Ichiro Toyota to second
|
Pitching: LHP Randy Rowland
|
|
Batting: LHB Armando Carbajal
|
0-0: Ball 1-0: Swinging Strike 1-1: Reached on error, E7 (Flyball, 78S, EV 96.9 MPH) Danny Gallo scores Ichiro Toyota scores Tom Butterbaugh to third
|
Batting: RHB Tenshou Takita
|
0-0: SINGLE (Line Drive, 4MD, EV 94.4 MPH) Tom Butterbaugh scores Armando Carbajal to third Runner from 3rd tries for Home, SAFE, throw by CF to home Tenshou Takita to second
|
Batting: RHB Pedro Nin
|
0-0: Swinging Strike 0-1: Ball 1-1: Called Strike 1-2: Foul Ball, location: 2F 1-2: Ball 2-2: Ground out 4-3 (Groundball, 4, EV 88.1 MPH)
|
Bottom of the 7th over - 5 runs, 3 hits, 1 error, 1 left on base; Colorado 0 - St. Louis 10 |
TOP OF THE 8TH |
Colorado Rockies batting - Pitching for St. Louis Cardinals : RHP Ray Scifo
|
Batting: LHB Freddy Troncoso
|
0-0: Ball 1-0: Called Strike 1-1: Called Strike 1-2: Strikes out looking
|
Batting: SHB Eddie Quinones
|
0-0: Called Strike 0-1: Foul Ball, location: 2F 0-2: Foul Ball, location: 2F 0-2: Fly out, F4 (Line Drive, 4D, EV 73.8 MPH)
|
Batting: SHB Chris Blue
|
0-0: Ball 1-0: Fly out, F8 (Flyball, 8LM, EV 81.9 MPH)
|
Top of the 8th over - 0 runs, 0 hits, 0 errors, 0 left on base; Colorado 0 - St. Louis 10 |
BOTTOM OF THE 8TH |
St. Louis Cardinals batting - Pitching for Colorado Rockies : LHP Randy Rowland
|
Batting: RHB Klaas Meij
|
0-0: Ground out 4-3 (Groundball, 4MS, EV 87.5 MPH)
|
Batting: RHB Melvin Enriquez
|
0-0: Foul Ball, location: 2F 0-1: Ball 1-1: Foul Ball, location: 2F 1-2: Foul Ball, location: 2F 1-2: Ball 2-2: Strikes out swinging
|
Batting: SHB Jason Kirby
|
0-0: Called Strike 0-1: Swinging Strike 0-2: SOLO HOME RUN (Flyball, 7D, EV 98.1 MPH), Distance : 363 ft
|
Batting: RHB Danny Gallo
|
0-0: Ground out 5-3 (Groundball, 5, EV 83.1 MPH)
|
Bottom of the 8th over - 1 run, 1 hit, 0 errors, 0 left on base; Colorado 0 - St. Louis 11 |
TOP OF THE 9TH |
Colorado Rockies batting - Pitching for St. Louis Cardinals : RHP Ray Scifo
|
Batting: RHB Jason Andrews
|
0-0: Ball 1-0: Ball 2-0: Ball 3-0: Called Strike 3-1: SINGLE (Groundball, 6MS, EV 70.0 MPH) (infield hit)
|
Pinch Hitting: LHB Robert Watson
|
0-0: Called Strike 0-1: Called Strike 0-2: Strikes out swinging
|
Batting: LHB Chris Salim
|
0-0: Swinging Strike 0-1: Ball 1-1: Grounds into double play, 5-4-3 (Groundball, 56, EV 85.6 MPH)
|
Top of the 9th over - 0 runs, 1 hit, 0 errors, 0 left on base; Colorado 0 - St. Louis 11 |
|